 Dungeon Sprint DCSS version 0.30-a0-799-g109b55a442 (webtiles) character file.

Game seed: 12129859837035890603

4956 BigDaddyOpFi the Fighter (level 10, -1/102 HPs)
             Began as a Hill Orc Monk on Feb 20, 2023.
             Was the Champion of Beogh.
             Slain by a draconian
             ... wielding a +0 falchion
              (8 damage)
             ... in the Dungeon (Sprint V: "Ziggurat Sprint").
             The game lasted 00:03:09 (901 turns).

BigDaddyOpFi the Fighter (Hill Orc Monk)             Turns: 901, Time: 00:03:09

Health: -1/102     AC: 13    Str: 31    XL:     10   Next: 53%
Magic:  20/20      EV:  4    Int: 10    God:    Beogh [******]
Gold:   0          SH: 25    Dex: 13    Spells: 9/9 levels left

rFire   . . .      SeeInvis .    H - +6 shillelagh "Devastator" {shatter}
rCold   . . .      Faith    .    E - +18 shield of the Gong {Loud rN+ Will+ rCorr EV-5}
rNeg    + . .      Spirit   .    D - +15 Maxwell's patent armour {-Cast -Tele rElec Will+ rCorr}
rPois   .          Reflect  .    (no helmet)
rElec   +          Harm     .    (no cloak)
rCorr   +          Rampage  .    (no gloves)
Will    ++...      NoTele   +    (no boots) Stlth NoCast +
                                 (no amulet)
HPRegen 0.37/turn                x - +6 ring of strength
MPRegen 0.17/turn                y - +6 ring of strength

@: corroded
A: walk on water
a: Renounce Religion, Smiting, Recall Orcish Followers, Give Item to Named
Follower, Resurrection


You were in the Dungeon.
You worshipped Beogh.
Beogh was exalted by your worship.
You visited 1 branch

Inventory:

Hand Weapons
 a - a +0 hand axe
 b - the +8 lance "Wyrmbane" {slay drac, rPois rF+ rC+ AC+3}
   (You found it in the Dungeon)

   AC:        It affects your AC (+3).
   rF:        It protects you from fire.
   rC:        It protects you from cold.
   rPois:     It protects you from poison.
 F - the +13 scythe of Curses {drain, curses, Drain}
   (You found it in the Dungeon)

   Drain:     It drains your maximum health when unequipped.
 G - the +8 storm bow {elec, penet}
   (You found it in the Dungeon)
 H - the +6 shillelagh "Devastator" (weapon) {shatter}
   (You found it in the Dungeon)
 I - the +27 heavy crossbow "Sniper" {heavy, Acc+∞ SInv}
   (You found it in the Dungeon)

   Acc+∞: It never misses its target.
   SInv:      It lets you see invisible.
Armour
 D - the +15 Maxwell's patent armour (worn) {-Cast -Tele rElec Will+ rCorr}
   (You found it in the Dungeon)

   rElec:     It insulates you from electricity.
   -Cast:     It prevents spellcasting.
   -Tele:     It prevents most forms of teleportation.
   rCorr:     It protects you from acid and corrosion.
   Will:      It increases your willpower.
 E - the +18 shield of the Gong (worn) {Loud rN+ Will+ rCorr EV-5}
   (You found it in the Dungeon)

   Loud:      It is deafeningly noisy when blocking attacks.
   EV:        It affects your evasion (-5).
   rN:        It protects you from negative energy.
   rCorr:     It protects you from acid and corrosion.
   Will:      It increases your willpower.
Jewellery
 s - a ring of flight
 t - a +6 ring of dexterity
 u - a +6 ring of dexterity
 v - a +6 ring of intelligence
 w - a +6 ring of intelligence
 x - a +6 ring of strength (left hand)
 y - a +6 ring of strength (right hand)
 L - an amulet of regeneration
Wands
 z - a wand of mindburst (7)
 A - a wand of iceblast (7)
 B - a wand of acid (7)
Scrolls
 i - 4 scrolls of blinking
 o - 4 scrolls of amnesia
 p - 7 scrolls of fog
 q - 5 scrolls of identify
 r - 2 scrolls of fear
 J - 2 scrolls of brand weapon
Potions
 c - a potion of ambrosia
 d - 10 potions of curing
 f - 6 potions of haste
 g - 7 potions of magic
 h - 3 potions of berserk rage
 j - 2 potions of brilliance
 k - 2 potions of invisibility
 l - 4 potions of resistance
 n - 5 potions of might
Miscellaneous
 m - a phantom mirror
 C - a lightning rod (4/4)
 K - a phantom mirror


   Skills:
 + Level 13.8 Fighting
 - Level 4.0(10.2) Axes
 + Level 12.2(12.4) Maces & Flails
 + Level 9.9 Dodging
 + Level 10.5 Stealth
 + Level 13.6 Invocations


You had 9 spell levels left.
You didn't know any spells.
Your spell library contained the following spells:

 Spells                   Type           Power      Damage    Failure   Level
 Lesser Beckoning         Tloc           0%         N/A       100%        2
 Static Discharge         Conj/Air       0%         2-2/arc   100%        2
 Lightning Bolt           Conj/Air       0%         1d11      100%        5
 Maxwell's Capacitive Co  Air            0%         ∞         100%        8


Dungeon Overview and Level Annotations

Branches:
Dungeon (1/1)

Altars:
Ashenzari
Cheibriados
Dithmenos
Elyvilon
Fedhas
Gozag
Hepliaklqana
Kikubaaqudgha
Makhleb
Nemelex Xobeh
Okawaru
Qazlal
Ru
Sif Muna
Trog
Uskayaw
Vehumet
Wu Jian
Xom
Yredelemnul
Zin
The Shining One
Beogh
Jiyva
Lugonu

Annotations:
D 1 transporter


Message History

You feel much better.
The red draconian hits you with a +0 dire flail!
The yellow draconian hits you but does no damage.
The draconian hits you but does no damage.
You block the draconian's attack.
GONNNNG!
The yellow draconian spits acid at you. The glob of acid hits you! You resist.
You hit the yellow draconian but do no damage.
The yellow draconian is almost dead.
The draconian hits you but does no damage.
The yellow draconian hits you but does no damage.
You block the red draconian's attack.
PANG!
You block the draconian's attack.
GONNNNG!
The yellow draconian spits acid at you. The glob of acid hits you! You resist.
You hit the yellow draconian.
The yellow draconians, the draconian and the red draconian shudder.
The yellow draconian is almost dead.
The yellow draconian is moderately wounded.
The red draconian is heavily wounded.
The yellow draconian is almost dead.
You block the yellow draconian's attack.
GONNNNG!
The draconian hits you but does no damage.
The red draconian hits you with a +0 dire flail.
* * * LOW HITPOINT WARNING * * *
The yellow draconian hits you with a +0 scimitar!
* * * LOW HITPOINT WARNING * * *
You block the draconian's attack.
PTOANNNG!
You completely miss the yellow draconian.
The yellow draconian is almost dead.
The yellow draconian spits acid at you. The glob of acid hits you! You resist.
* * * LOW HITPOINT WARNING * * *
The draconian hits you with a +0 falchion!
You die...

▓▓▓▓▓▓▓▓▓
▓..8©8..▓
▓..:)=..▓
▓..}))..▓
▓.......▓
▓....)..▓
▓..)....▓
▓..dd)..▓
▓.▓d@d▓.▓
▓...d.).▓
▓▓▓▓▓▓▓▓▓


You could see 2 draconians, a red draconian and 2 draconians.

Vanquished Creatures
  2 two-headed ogres (D)
  A dancing weapon (D)
  An orc high priest (D)
  A deep elf archer (D)
  2 deep elf pyromancers (D)
  An air elemental (D)
  A spriggan (D)
  A black bear (D)
  3 wolves (D)
  2 ogres (D)
  2 crimson imps (D)
  4 jellies (D)
  An adder (D)
  A white imp (D)
  A ball python (D)
24 creatures vanquished.

Vanquished Creatures (collateral kills)
  A draconian (D)
1 creature vanquished.

Vanquished Creatures (others)
  An orc priest (D)
  2 orc warriors (D)
  An orc wizard (D)
4 creatures vanquished.

Grand Total: 29 creatures vanquished

Notes
Turn   | Place    | Note
-------+----------+-------------------------------------------
     0 | D        | BigDaddyOpFi the Hill Orc Monk began the quest for the Orb.
     0 | D        | Reached XP level 1. HP: 19/19 MP: 1/1
     4 | D        | Found a shimmering blue altar of Sif Muna.
     4 | D        | Found a bloodstained altar of Trog.
     4 | D        | Found a sacrificial altar of Ru.
     4 | D        | Found a stormy altar of Qazlal.
     4 | D        | Found an iron altar of Okawaru.
     5 | D        | Found a sparkling altar of Nemelex Xobeh.
     5 | D        | Found a blossoming altar of Fedhas.
     5 | D        | Found the +6 Majin-Bo {spellvamp, MP+6 Int+6}
     5 | D        | Found the +27 heavy crossbow "Sniper" {heavy, Acc+∞ SInv}
     5 | D        | Found the +10 dark maul {heavy}
     5 | D        | Found the +15 Maxwell's patent armour {-Cast -Tele rElec
                  | Will+ rCorr}
     5 | D        | Found the +18 shield of the Gong {Loud rN+ Will+ rCorr
                  | EV-5}
     5 | D        | Found the +16 obsidian axe {drain, demonic, Mesm Drain Fly
                  | SInv}
     5 | D        | Found the +7 great mace "Firestarter" {flame, inner flame,
                  | rFlCloud rF++}
     5 | D        | Found the +6 shillelagh "Devastator" {shatter}
     5 | D        | Found the +11 plutonium sword {Contam Stlth-}
     5 | D        | Found the +8 lance "Wyrmbane" {slay drac, rPois rF+ rC+
                  | AC+3}
     5 | D        | Found the +9 sword of Zonguldrok {reap}
     5 | D        | Found the +13 scythe of Curses {drain, curses, Drain}
     5 | D        | Found the +9 sword of Power {lifebolt}
     5 | D        | Found the +7 mace of Variability {chaos, chain chaos}
     5 | D        | Found the +11 Singing Sword {sonic wave}
     5 | D        | Found the +8 storm bow {elec, penet}
     7 | D        | Found a transporter.
     7 | D        | Found an ancient bone altar of Kikubaaqudgha.
     7 | D        | Found a viscous altar of Jiyva.
     7 | D        | Found a corrupted altar of Lugonu.
     7 | D        | Found a hazy altar of Hepliaklqana.
     7 | D        | Found a burning altar of Makhleb.
     7 | D        | Found an opulent altar of Gozag.
    76 | D        | Became a worshipper of Beogh the Brigand
    76 | D        | Reached * piety under Beogh
    76 | D        | Reached ** piety under Beogh
    90 | D        | Reached skill level 5 in Fighting
    90 | D        | Reached XP level 2. HP: 30/30 MP: 2/2
    99 | D        | Entered arena 2.
    99 | D        | Found a transporter.
   102 | D        | Reached skill level 1 in Invocations
   108 | D        | Entered arena 3.
   108 | D        | Noticed a crimson imp
   108 | D        | Noticed a crimson imp
   108 | D        | Found a transporter.
   116 | D        | Reached XP level 3. HP: 35/37 MP: 2/4
   118 | D        | Reached *** piety under Beogh
   123 | D        | Reached skill level 5 in Maces & Flails
   123 | D        | Reached XP level 4. HP: 42/45 MP: 2/6
   198 | D        | Entered arena 4.
   198 | D        | Found the +4 moon troll leather armour {Spirit, Regen++
                  | MP+5}
   198 | D        | Noticed an ogre
   198 | D        | Noticed a two-headed ogre
   198 | D        | Noticed a two-headed ogre
   198 | D        | Noticed an ogre
   198 | D        | Found a transporter.
   202 | D        | Killed an ogre
   203 | D        | Reached skill level 5 in Dodging
   203 | D        | Reached skill level 5 in Stealth
   203 | D        | Reached skill level 5 in Invocations
   203 | D        | Reached XP level 5. HP: 51/52 MP: 3/8
   203 | D        | Killed a two-headed ogre
   204 | D        | Reached skill level 10 in Fighting
   204 | D        | Reached XP level 6. HP: 65/66 MP: 3/12
   204 | D        | Reached XP level 7. HP: 71/72 MP: 3/13
   205 | D        | Killed a two-headed ogre
   205 | D        | Reached **** piety under Beogh
   206 | D        | Reached skill level 10 in Invocations
   206 | D        | Reached XP level 8. HP: 81/81 MP: 3/15
   349 | D        | Entered arena 5.
   349 | D        | Found a transporter.
   356 | D        | Reached ***** piety under Beogh
   467 | D        | Entered arena 6.
   467 | D        | Noticed a spriggan
   467 | D        | Found a transporter.
   470 | D        | Reached XP level 9. HP: 89/89 MP: 15/17
   471 | D        | Reached skill level 10 in Maces & Flails
   481 | D        | Entered arena 7.
   481 | D        | Noticed a deep elf archer
   481 | D        | Noticed a +3 trident of protection
   481 | D        | Noticed an orc high priest
   481 | D        | Noticed a deep elf pyromancer
   481 | D        | Noticed a deep elf pyromancer
   482 | D        | Found a transporter.
   483 | D        | Paralysed by an air elemental for 1 turns
   487 | D        | Killed an orc high priest
   489 | D        | Killed a deep elf archer
   494 | D        | Killed a deep elf pyromancer
   494 | D        | Reached ****** piety under Beogh
   495 | D        | Reached XP level 10. HP: 36/101 MP: 15/19
   496 | D        | Killed a deep elf pyromancer
   497 | D        | Reached skill level 10 in Stealth
   506 | D        | Killed a +3 trident of protection
   872 | D        | Got the Omnibus of Space and Gusts
   875 | D        | Entered arena 8.
   875 | D        | Noticed a draconian
   875 | D        | Noticed a yellow draconian
   875 | D        | Noticed a red draconian
   875 | D        | Noticed a draconian
   875 | D        | Noticed a yellow draconian
   875 | D        | Noticed a draconian
   876 | D        | Found a transporter.
   887 | D        | Killed a draconian
   888 | D        | HP: 5/102 [draconian/+0 flail (4)]
   893 | D        | HP: 2/102 [yellow draconian/+0 scimitar (16)]
   901 | D        | Slain by a draconian

Illustrated notes

Levels and vault maps discovered:
D:        sprint_v [room_start, room_1, room_2, room_3, room_4, room_5, room_6,
          room_7, room_8, room_9, room_10, room_11, room_12, room_13, room_14,
          room_15, room_16, room_17, room_18, room_19, room_20, room_21,
          room_22, room_23, room_24, room_25, room_26, room_27]

Skill      XL: |  1  2  3  4  5  6  7  8  9 10 |
---------------+-------------------------------+-----
Fighting       | 5 6 7 10 11 13 | 13.8
Maces & Flails | 3 4 5 8 9 11 12 | 12.2
Dodging        | 3 4 5 6 7 8 9 |  9.9
Stealth        | 3 4 5 7 8 9 10 | 10.5
Invocations    | 1 3 5 8 10 12 13 | 13.6
Axes           | |  4.0

Action                     |  1- 3 |  4- 6 |  7- 9 | 10-12 || total
---------------------------+-------+-------+-------+-------++-------
  Melee: Shillelagh        |    10 |     3 |    19 |    21 ||    53
 Invoke: Smiting           |       |     1 |     1 |       ||     2
    Use: Potion            |     1 |       |     2 |     8 ||    11
 Armour: Plate armour      |    12 |     1 |    25 |    18 ||    56
  Dodge: Dodged            |       |       |     4 |     5 ||     9
  Block: Kite shield       |    22 |     5 |    45 |    50 ||   122

Table legend: (Time is in decaauts)
 A = Elapsed time spent in this place.
 B = Non-inter-level travel time spent in this place.
 C = Inter-level travel time spent in this place.
 D = Time resting spent in this place.
 E = Time spent auto-exploring this place.
 F = Levels seen in this place.
 G = Mean time per level.
                   A        B        C        D        E       F      G
               +--------+--------+--------+--------+--------+-----+--------+
         Total |    900 |    900 |      0 |    661 |      0 |   1 |  900.0 |
       Dungeon |    900 |    900 |      0 |    661 |      0 |   1 |  900.0 |
               +--------+--------+--------+--------+--------+-----+--------+

Top non-repeatable levels by time:
       D: 900 daAuts
